 Dungeon Crawl Stone Soup version 0.30-a0-123-g91d0c66ccf (webtiles) character file.

Game seed: 6590239126839358760

177108 juncz the Eclecticist (level 17, -3/155 (158) HPs)
             Began as a Purple Draconian Ice Elementalist on Sept 17, 2022.
             Was an Initiate of Gozag.
             Slain by a culicivora simulacrum (15 damage)
             ... on level 1 of the Spider Nest on Sept 18, 2022.
             The game lasted 03:58:52 (47992 turns).

juncz the Eclecticist (DrIE)                       Turns: 47992, Time: 03:58:52

HP:   -3/155 (158)  AC: 22    Str: 11      XL:     17   Next: 53%
MP:   29/37         EV: 14    Int: 21 (22) God:    Gozag
Gold: 2376          SH:  0    Dex: 13      Spells: 33/49 levels left

rFire   . . .      SeeInvis .    X - +2 dagger (holy)
rCold   . . .      Faith    .    (no shield)
rNeg    . . .      Spirit   .    (body armour unavailable)
rPois   .          Reflect  .    (helmet restricted)
rElec   .          Harm     .    P - +0 cloak
rCorr   .          Rampage  .    i - +1 pair of gloves
Will    +++..      Rage     3%   K - +0 pair of boots
Stlth   ++........               n - amulet of the acrobat
HPRegen 0.35/turn                N - ring of wizardry
MPRegen 0.25/turn                L - ring of willpower

@: ice-armoured, lightly drained
A: breathe power, AC +9, unfitting armour, cold-blooded, berserk 1, subdued
magic 1
a: Breathe Dispelling Energy, Renounce Religion, Potion Petition, Call Merchant,
Bribe Branch


You were on level 1 of the Spider Nest.
You worshipped Gozag.
Gozag was most pleased with you.
You visited 5 branches of the dungeon, and saw 24 of its levels.

You collected 7452 gold pieces.
You spent 2476 gold pieces at shops.
You paid 2600 gold pieces to Gozag.

Inventory:

Hand Weapons
 e - a +2 trident of holy wrath
 g - a +1 short sword of speed
 T - a +2 scimitar of flaming
 X - a +2 dagger of holy wrath (weapon)
Missiles
 f - 20 poisoned darts (quivered)
 o - 6 atropa-tipped darts
 O - 8 curare-tipped darts
Armour
 i - a +1 pair of gloves (worn)
 K - a +0 pair of boots (worn)
 M - a +0 kite shield
 P - a +0 cloak (worn)
Magical Staves
 Q - a staff of conjuration
 Z - a staff of fire
Jewellery
 c - a ring of protection from fire
 h - an amulet of regeneration
 l - a ring of positive energy
 n - an amulet of the acrobat (around neck)
 p - a +4 ring of evasion
 w - a ring of resist corrosion
 B - a ring of magical power
 E - a ring of fire
 J - a +4 ring of protection
 L - a ring of willpower (right hand)
 N - a ring of wizardry (left hand)
 R - a ring of flight
 S - a ring of protection from cold
 W - a ring of positive energy
Wands
 j - a wand of flame (61)
 t - a wand of paralysis (11)
 V - a wand of light (3)
Scrolls
 d - 2 scrolls of magic mapping
 k - 4 scrolls of summoning
 q - 6 scrolls of enchant weapon
 r - 5 scrolls of teleportation
 s - 2 scrolls of amnesia
 y - 6 scrolls of identify
 A - 4 scrolls of butterflies
 C - 2 scrolls of vulnerability
 U - 2 scrolls of fear
Potions
 a - 3 potions of magic
 m - a potion of ambrosia {unknown}
 u - a potion of berserk rage
 v - 3 potions of resistance
 x - 5 potions of flight
 z - a potion of lignification
 D - 2 potions of cancellation
 F - 7 potions of curing
 G - 8 potions of mutation
 H - a potion of heal wounds
 I - 3 potions of brilliance
 Y - 2 potions of invisibility


   Skills:
 + Level 16.2 Fighting
 - Level 5.3 Dodging
 - Level 2.0 Stealth
 + Level 2.3 Shields
 + Level 16.8 Spellcasting
 + Level 9.2 Conjurations
 - Level 4.0 Translocations
 - Level 5.0 Transmutations
 - Level 5.5 Fire Magic
 + Level 15.8 Ice Magic


You had 33 spell levels left.
You knew the following spells:

 Your Spells              Type           Power      Damage    Failure   Level
a - Freeze                Ice            100%       1d11      0%          1
b - Frozen Ramparts       Ice            100%       1d16      0%          3
c - Ozocubu's Armour      Ice            60%        N/A       0%          3
d - Iskenderun's Mystic   Conj/Tloc      35%        2d8       1%          4
e - Irradiate             Conj/Tmut      18%        3d17      1%          5

Your spell library contained the following spells:

 Spells                   Type           Power      Damage    Failure   Level
 Dazzling Flash           Conj/Hex       56%        N/A       1%          3
 Gell's Gravitas          Tloc           26%        N/A       1%          3
 Teleport Other           Tloc           26%        N/A       1%          3
 Hailstorm                Conj/Ice       52%        3d12      1%          4
 Iskenderun's Battlesphe  Conj           43%        2d9       1%          5
 Summon Guardian Golem    Hex/Summ       13%        N/A       3%          3
 Blade Hands              Tmut           14%        N/A       4%          5
 Starburst                Conj/Fire      18%        6d7       9%          6
 Anguish                  Hex/Necr       6%         N/A       12%         4
 Cause Fear               Hex            6%         N/A       12%         4
 Dispersal                Tloc           13%        N/A       32%         6
 Dragon Form              Tmut           14%        N/A       75%         7
 Enfeeble                 Hex            6%         N/A       100%        7
 Summon Hydra             Summ           6%         N/A       100%        7
 Lehudib's Crystal Spear  Conj/Erth      14%        10d5      100%        8
 Dragon's Call            Summ           6%         N/A       100%        9


Dungeon Overview and Level Annotations

Branches:
Dungeon (15/15)            Temple (1/1) D:4            Lair (5/5) D:11
  Swamp (0/4) Lair:2       Spider (1/4) Lair:3        Slime (0/5) Lair:5
    Orc (2/2) D:12            Elf (0/3) Orc:2        Vaults (0/5) D:13
 Depths: D:15

Altars:
Ashenzari
Cheibriados
Dithmenos
Elyvilon
Fedhas
Gozag
Hepliaklqana
Kikubaaqudgha
Makhleb
Nemelex Xobeh
Okawaru
Qazlal
Ru
Sif Muna
Trog
Uskayaw
Vehumet
Wu Jian
Xom
Yredelemnul
Zin
The Shining One
Jiyva

Shops:
D:3 :   D:12 *   D:13 =   Orc:2 (?(=((*   Lair:1 !

Annotations:
D:7 2 transporters, exclusion: ice statue, LnG's ghost, novice HOFi
Lair:5 2 runed translucent doors


Innate Abilities, Weirdness & Mutations

You can breathe bolts of dispelling energy.
Your rich purple scales are hard. (AC +9)
You cannot fit into any form of body armour.
You are cold-blooded and may be slowed by cold attacks.
You sometimes lose your temper in combat.
Your spells are a little easier to cast, but a little less powerful.


Message History

The redback simulacrum bites you but does no damage.
The culicivora simulacrum completely misses you.
You hit the redback simulacrum.
The redback simulacrum convulses!
You tail-slap the redback simulacrum, but do no damage.
The redback simulacrum is severely damaged.
You feel yourself speed up. The redback simulacrum bites you.
The redback simulacrum freezes you!
The culicivora simulacrum barely misses you.
The redback simulacrum completely misses you.
The culicivora simulacrum misses you.
You hit the redback simulacrum.
The redback simulacrum convulses.
The redback simulacrum is almost destroyed.
The redback simulacrum bites you. The redback simulacrum freezes you!!
The culicivora simulacrum bites you. The culicivora simulacrum freezes you!!
The redback simulacrum bites you. The redback simulacrum freezes you!
* * * LOW HITPOINT WARNING * * *
You hit the redback simulacrum.
The redback simulacrum convulses.
You tail-slap the redback simulacrum.
The redback simulacrum vaporises!
The culicivora simulacrum bites you but does no damage.
The culicivora simulacrum completely misses you.
You hit the culicivora simulacrum.
The culicivora simulacrum convulses.
You tail-slap the culicivora simulacrum.
The culicivora simulacrum is heavily damaged.
The culicivora simulacrum bites you.
* * * LOW HITPOINT WARNING * * *
The culicivora simulacrum freezes you!
* * * LOW HITPOINT WARNING * * *
You hit the culicivora simulacrum.
The culicivora simulacrum convulses.
Your tail-slap misses the culicivora simulacrum.
The culicivora simulacrum is almost destroyed.
The culicivora simulacrum barely misses you.
You hit the culicivora simulacrum but do no damage.
Your tail-slap misses the culicivora simulacrum.
The culicivora simulacrum is almost destroyed.
The culicivora simulacrum bites you.
* * * LOW HITPOINT WARNING * * *
The culicivora simulacrum freezes you!
You die...
Your body crumbles into a pile of gold.

#.........# ##..
#....# ####
#...##..^### ##...
###.........## ##....
#....[...##..####....#
#...##.^####.........#
##...##...#
####..#.###
#....Z..^.# #..###
##..##@#..# #...# .
###..# #..## #.## #...
#.. ###.. ^.. #. ..##
#. .#


You could see a culicivora simulacrum.

Vanquished Creatures
  Gastronok (D:8)
  Josephine (Lair:4)
  2 hydras
  A vault guard (D:14)
  Erolcha (D:9)
  A rakshasa (D:15)
  Erica (D:8)
  An ogre mage (Orc:2)
  6 centaur warriors
  A catoblepas (Lair:4)
  3 two-headed ogres
  A death knight (D:15)
  3 boulder beetles
  A tengu warrior (D:14)
  16 death yaks
  Urug (D:11)
  Nergalle (Orc:1)
  10 orc high priests (Orc:2)
  A pharaoh ant (Spider:1)
  A glowing orange brain (D:15)
  4 skeletal warriors (D:14)
  A glowing orange brain (shapeshifter) (D:15)
  A lindwurm (Lair:5)
  4 orc knights
  5 cyclopes
  3 orc sorcerers
  12 ugly things
  9 elephants
  4 manticores
  5 black mambas
  3 molten gargoyles (Lair:5)
  A gargoyle (D:13)
  14 cane toads
  2 yaktaurs (shapeshifter)
  5 yaktaurs (D:15)
  A rime drake (Lair:5)
  14 komodo dragons
  A kobold demonologist (D:11)
  10 meliai
  12 trolls
  2 tyrant leeches (Lair:2)
  6 polar bears
  A wolf spider simulacrum (D:14)
  2 tarantellas (Spider:1)
  4 blink frogs (Lair:5)
  2 hornets
  9 slime creatures
  7 dream sheep (Lair:1)
  A spriggan (Lair:4)
  3 shadows
  A vampire (D:13)
  A culicivora (Spider:1)
  6 wraiths
  64 yaks
  5 basilisks
  7 wyverns
  A redback (Spider:1)
  4 vampire mosquitoes (D:12)
  3 steam dragons
  17 wargs
  A swamp worm (Lair:2)
  An acid dragon (D:12)
  15 water moccasins
  15 orc warriors
  4 hell hounds (Lair:5)
  An ice beast (D:6)
  4 black bears
  10 ogres
  10 wolves
  12 centaurs
  A phantom (D:3)
  7 kobold brigands
  A gnoll sergeant (D:7)
  Blork the orc (D:4)
  12 bullfrogs
  A necrophage (D:6)
  4 scorpions
  4 killer bees (Lair:3)
  10 electric eels
  6 howler monkeys
  4 lava snakes (Lair:5)
  4 crimson imps (D:9)
  16 jellies
  31 orc priests
  3 hounds
  3 iguanas (D:5)
  21 orc wizards
  6 hell rats (Lair:3)
  9 gnolls
  4 adders
  A shadow imp (D:8)
  A white imp (D:7)
  An ufetubus (D:4)
  2 worms (D:3)
  5 dart slugs
  71 orcs
  9 bats
  5 endoplasms
  3 giant cockroaches
  6 goblins
  5 hobgoblins
  3 jackals (D:1)
  37 kobolds
  4 quokkas
  9 ball pythons
  5 frilled lizards
  7 rats
  A butterfly (Lair:1)
707 creatures vanquished.

Vanquished Creatures (others)
  A bush (Lair:1)
  59 fungi
  196 plants
256 creatures vanquished.

Grand Total: 963 creatures vanquished

Notes
Turn   | Place    | Note
-------+----------+-------------------------------------------
     0 | D:1      | juncz the Draconian Ice Elementalist began the quest for
                  | the Orb.
     0 | D:1      | Reached XP level 1. HP: 14/14 MP: 3/3
   275 | D:1      | Reached XP level 2. HP: 20/20 MP: 3/5
   408 | D:1      | Found a faded altar of an unknown god.
   958 | D:1      | Reached XP level 3. HP: 24/26 MP: 3/6
   970 | D:1      | Learned a level 3 spell: Frozen Ramparts
  2177 | D:3      | Found a shadowy altar of Dithmenos.
  2179 | D:3      | Noticed a phantom
  2190 | D:3      | Killed a phantom
  2191 | D:3      | Reached skill level 5 in Ice Magic
  2191 | D:3      | Reached XP level 4. HP: 33/33 MP: 1/9
  2316 | D:3      | Reached XP level 5. HP: 38/38 MP: 5/10
  2318 | D:3      | Identified the +1 helmet of the Armoured One {Contam Harm
                  | rF++ Stlth+}
  2412 | D:3      | Found Vigef's Book Shop.
  2564 | D:3      | Reached skill level 1 in Fighting
  2863 | D:3      | Reached XP level 6. HP: 23/48 MP: 8/12
  3351 | D:4      | Noticed Blork the orc
  3365 | D:4      | Killed Blork the orc
  3724 | D:4      | Your scales start taking on a rich purple colour.
  3724 | D:4      | Reached skill level 5 in Spellcasting
  3724 | D:4      | Reached XP level 7. HP: 57/57 MP: 6/15
  3864 | D:4      | Found a staircase to the Ecumenical Temple.
  3983 | D:4      | Learned a level 3 spell: Ozocubu's Armour
  4224 | Temple   | Entered the Ecumenical Temple
  4286 | Temple   | Became a worshipper of Gozag Ym Sagoz the Greedy
  4896 | D:5      | Entered Level 5 of the Dungeon
  5974 | D:6      | Reached XP level 8. HP: 67/67 MP: 16/18
  6065 | D:6      | Reached skill level 5 in Fighting
  6427 | D:6      | Found a glowing silver altar of Zin.
  7337 | D:3      | Bought a book of Spectacle for 416 gold pieces
  7342 | D:3      | Learned a level 4 spell: Iskenderun's Mystic Blast
  7563 | D:7      | Noticed an ice statue
  7572 | D:7      | Noticed a boulder beetle
  7573 | D:7      | Noticed LnG's ghost (novice HOFi)
  7578 | D:7      | Reached skill level 1 in Conjurations
  7620 | D:7      | Found a transporter.
  7637 | D:7      | Found a transporter.
  8881 | D:7      | Reached XP level 9. HP: 78/78 MP: 14/20
  9024 | D:8      | Noticed Erica
  9039 | D:8      | Killed Erica
  9253 | D:8      | Noticed Gastronok
  9296 | D:8      | Killed Gastronok
  9522 | D:8      | Found a sacrificial altar of Ru.
  9529 | D:8      | Found an ornate altar of the Wu Jian Council.
  9791 | D:8      | Reached XP level 10. HP: 88/88 MP: 16/23
  9851 | D:8      | Found a basalt altar of Yredelemnul.
 10041 | D:9      | Found a glowing golden altar of the Shining One.
 10076 | D:9      | Noticed Erolcha
 10085 | D:9      | Killed Erolcha
 10086 | D:9      | Reached skill level 1 in Translocations
 10383 | D:9      | Reached skill level 5 in Conjurations
 10837 | D:9      | Noticed a cyclops
 10844 | D:9      | Killed a cyclops
 11045 | D:9      | Found a shimmering altar of Xom.
 11210 | D:10     | Entered Level 10 of the Dungeon
 11260 | D:10     | Noticed a two-headed ogre
 11604 | D:9      | Killed a two-headed ogre
 11806 | D:9      | Reached skill level 10 in Spellcasting
 13124 | D:10     | Reached skill level 10 in Ice Magic
 13402 | D:10     | Reached XP level 11. HP: 93/97 MP: 16/25
 17953 | D:11     | Noticed Urug
 17986 | D:11     | Killed Urug
 18323 | D:11     | Found a staircase to the Lair.
 18823 | D:11     | Noticed a boulder beetle
 18838 | D:11     | Killed a boulder beetle
 18839 | D:11     | Reached skill level 10 in Fighting
 19667 | D:11     | Noticed a boulder beetle
 19685 | D:11     | Killed a boulder beetle
 20189 | Lair:1   | Entered Level 1 of the Lair of Beasts
 20205 | Lair:1   | Bought a potion of resistance for 130 gold pieces
 20207 | Lair:1   | Noticed a death yak
 20228 | Lair:1   | Noticed a death yak
 20349 | Lair:1   | Noticed a death yak
 20371 | Lair:1   | Killed a death yak
 20525 | Lair:1   | Noticed a death yak
 20573 | Lair:1   | Killed a death yak
 20574 | Lair:1   | Reached XP level 12. HP: 44/108 MP: 3/27
 20912 | Lair:1   | Killed a death yak
 20996 | Lair:1   | Noticed a death yak
 21008 | Lair:1   | Killed a death yak
 21011 | Lair:1   | Killed a death yak
 23326 | Lair:2   | Found a staircase to the Swamp.
 23840 | Lair:2   | Identified a scroll of acquirement
 24801 | Lair:3   | Found a hole to the Spider Nest.
 25152 | Lair:3   | Identified the +5 ring mail of Eternal Vigilance {Regen+
                  | Int+3}
 25172 | Lair:3   | Noticed a seven-headed hydra
 25192 | Lair:3   | Killed a three-headed hydra
 25633 | Lair:3   | Reached XP level 13. HP: 118/119 MP: 5/30
 26395 | Lair:4   | Noticed Josephine
 26900 | Lair:4   | Killed Josephine
 28471 | Lair:5   | Entered Level 5 of the Lair of Beasts
 28480 | Lair:5   | Found a staircase to the Slime Pits.
 28622 | Lair:5   | Found a viscous altar of Jiyva.
 28922 | Lair:5   | Reached XP level 14. HP: 107/132 MP: 9/32
 28997 | Lair:5   | Reached skill level 15 in Spellcasting
 30440 | Lair:5   | Found a large runed translucent door.
 30441 | Lair:5   | Found a large runed translucent door.
 31931 | D:12     | Reached skill level 15 in Fighting
 32524 | D:12     | Bought a scroll of blinking for 240 gold pieces
 32596 | D:12     | Learned a level 5 spell: Irradiate
 32611 | D:12     | Found a staircase to the Orcish Mines.
 33352 | D:12     | Reached skill level 1 in Transmutations
 33769 | D:13     | Reached skill level 15 in Ice Magic
 35103 | D:13     | Found a gate to the Vaults.
 35423 | D:13     | HP: 2/135 [large slime creature (6)]
 37355 | D:14     | Found a glowing golden altar of the Shining One.
 37892 | D:13     | Bought a ring of wizardry for 390 gold pieces
 37938 | Orc:1    | Entered Level 1 of the Orcish Mines
 38335 | Orc:1    | Noticed Nergalle
 38355 | Orc:1    | Killed Nergalle
 38498 | Lair:1   | Bought a potion of experience for 650 gold pieces
 38498 | Lair:1   | Bought a potion of experience for 650 gold pieces
 38499 | Lair:1   | Reached skill level 5 in Dodging
 38499 | Lair:1   | Reached XP level 15. HP: 133/133 MP: 35/35
 39100 | Lair:1   | Reached skill level 5 in Fire Magic
 39100 | Lair:1   | Reached XP level 16. HP: 141/141 MP: 36/36
 39617 | Orc:2    | Entered Level 2 of the Orcish Mines
 39617 | Orc:2    | Found Noxapn's Magic Scroll Shoppe.
 39653 | Orc:2    | Found Loackusk's Weapon Boutique.
 39960 | Orc:2    | Reached XP level 17. HP: 154/155 MP: 25/37
 41277 | Orc:2    | Found Gytiroz's Antique Weapon Boutique.
 41717 | Orc:2    | Found Heon's Weapon Boutique.
 41717 | Orc:2    | Found Juneyrphe's Jewellery Emporium.
 42585 | Orc:2    | Found a staircase to the Elven Halls.
 42628 | Orc:2    | Found Mafuropp's Weapon Boutique.
 42628 | Orc:2    | Found Jaivuc's Assorted Antiques.
 44409 | D:14     | Reached skill level 5 in Transmutations
 45047 | D:15     | Entered Level 15 of the Dungeon
 45380 | D:15     | Gained mutation: Your spells are a little easier to cast,
                  | but a little less powerful. [mutagenic glow]
 45403 | D:15     | Gained mutation: You sometimes lose your temper in combat.
                  | [mutagenic glow]
 46516 | D:15     | Reached skill level 1 in Shields
 46552 | D:15     | Acquired Gub Vesk's Secrets of Kinetic Beckoning
 47317 | D:15     | HP: 5/158 [skeletal warrior/+0 halberd[a death knight] (7)]
 47904 | Spider:1 | Entered Level 1 of the Spider Nest
 47992 | Spider:1 | Slain by a culicivora simulacrum

Illustrated notes

Levels and vault maps discovered:
D:1:      lemuel_arrival_room, layout_rooms,
          dreamdust_ecumenical_altar_hidden_monk_grotto, minmay_pentomino_z4
D:2:      layout_basic, serial_forest, infiniplex_forest_lined_3,
          infiniplex_forest_end_double, infiniplex_forest_clump_long,
          infiniplex_forest_clump_double, infiniplex_forest_end_double,
          infiniplex_forest_pool, infiniplex_forest_end_1,
          infiniplex_forest_end_1, infiniplex_forest_end_1
D:3:      cheibrodos_thug_alley, layout_loops_ring,
          nicolae_dithmenos_shadow_blocks, serial_shops, nicolae_shop_trees
D:4:      layout_basic, temple_pool_b, uniq_blork_the_orc
D:5:      layout_basic, serial_bayou_pond_c
D:6:      layout_basic, zin_academy, minmay_misc_feat_iff, kennysheep_boxes
D:7:      layout_layer_cave, nzn_ghost_randoct
D:8:      layout_rooms, mainiacjoe_overflow_surrounded_room,
          mainiacjoe_overflow_big_doors, uniq_gastronok, uniq_erica
D:9:      layout_roguey, mainiacjoe_overflow_24_doors, led_xom_imps,
          kennysheep_small_spiral, uniq_erolcha
D:10:     layout_long_grid, serial_bayou, serial_bayou_pond_a,
          serial_bayou_shore_a, serial_bayou_ford_a, serial_bayou_lagoon_a,
          serial_bayou_pond_b
D:11:     layout_roguey, due_lair_maze_entry_diamond, uniq_urug
D:12:     layout_long_grid, orc_0_dummy
D:13:     layout_roguey, david_vaults_5
D:14:     layout_big_octagon, chequers_serial_rivers_marsh, tso_oasis_becter
D:15:     gammafunk_enter_depths_forms, layout_loops_corners
Temple:   eino_wide_crystal_templ
Lair:1:   layout_long_grid, nicolae_lair_grazing_beasts
          [nicolae_sub_lair_graze_edge, nicolae_sub_lair_graze_edge,
          nicolae_sub_lair_graze_edge, nicolae_sub_lair_graze_edge],
          lemuel_fruit_fields
Lair:2:   layout_chaotic_city, minmay_swamp_entry_worms, serial_bayou_shore_b
Lair:3:   layout_regular_city, hellmonk_spider_entry_not_the_bees
Lair:4:   wad_woods_04, layout_cave_shapes, cheibrodos_lair_lostbears,
          uniq_josephine
Lair:5:   cheibrodos_lair_end_hotspot, layout_loops_ring,
          minmay_slime_entry_jelly_boxes, nicolae_volcano_entry_s_turn
Spider:1: layout_spider_delve, hangedman_spider_tarantella_strand, uniq_kirke,
          uniq_jorgrun
Orc:1:    layout_diamond_mine, mines5_lemuel, uniq_nergalle
Orc:2:    st_orc_town, layout_diamond_mine, serial_shops, shop_fountains,
          guppyfry_orc_lava_fort

Skill      XL: |  1  2  3  4  5  6  7  8  9 10 11 12 13 14 15 16 17 |
---------------+----------------------------------------------------+-----
Stealth        | 2 |  2.0
Spellcasting   | 3 4 5 6 7 9 10 11 13 14 16 | 16.8
Ice Magic      | 5 6 7 8 9 10 11 12 14 15 | 15.8
Fighting       | 1 3 4 6 7 9 10 12 14 15 16 | 16.2
Conjurations   | 2 4 6 7 8 9 |  9.2
Translocations | 3 4 |  4.0
Transmutations | 3 5 |  5.0
Dodging        | 5 |  5.3
Fire Magic     | 5 |  5.5
Shields        | 2 |  2.3

Action                   |  1- 3 |  4- 6 |  7- 9 | 10-12 | 13-15 | 16-18 || total
-------------------------+-------+-------+-------+-------+-------+-------++-------
Melee: Short sword       |    24 |    38 |    52 |    63 |    83 |       ||   260
       Tailslap          |     7 |     1 |     4 |    16 |    32 |     8 ||    68
       Punch             |       |       |     1 |     4 |     1 |       ||     6
       Dagger            |       |       |       |    16 |    30 |    26 ||    72
       Scimitar          |       |       |       |     5 |     8 |       ||    13
Throw: Dart              |     2 |     3 |    18 |    89 |    35 |    20 ||   167
       Stone             |       |       |     8 |    15 |    18 |       ||    41
 Cast: Freeze            |    39 |    33 |    43 |   301 |   510 |   295 ||  1221
       Frozen Ramparts   |     2 |    13 |    46 |    91 |   136 |    69 ||   357
       Ozocubu's Armour  |       |       |    35 |    57 |    81 |    37 ||   210
       Iskenderun's Myst |       |       |       |     8 |    11 |       ||    19
       Irradiate         |       |       |       |       |     1 |    26 ||    27
Invok: Call Merchant     |       |       |       |     1 |     2 |       ||     3
       Potion Petition   |       |       |       |       |       |     1 ||     1
 Abil: Breathe Dispellin |       |       |     5 |    10 |     9 |     5 ||    29
Evoke: Wand              |       |       |     4 |     5 |     3 |       ||    12
  Use: Scroll            |     1 |     2 |     9 |     8 |    13 |     1 ||    34
       Potion            |       |       |       |       |     5 |     4 ||     9
 Stab: Sleeping          |     2 |       |       |     1 |       |       ||     3
       Distracted        |       |       |       |       |     1 |       ||     1
Armor: Skin              |    10 |     9 |    27 |   136 |   255 |   149 ||   586
Dodge: Dodged            |    34 |    45 |    63 |   301 |   501 |   246 ||  1190

Table legend: (Time is in decaauts)
 A = Elapsed time spent in this place.
 B = Non-inter-level travel time spent in this place.
 C = Inter-level travel time spent in this place.
 D = Time resting spent in this place.
 E = Time spent auto-exploring this place.
 F = Levels seen in this place.
 G = Mean time per level.
                   A        B        C        D        E       F      G
               +--------+--------+--------+--------+--------+-----+--------+
         Total |  48035 |  45219 |   2816 |  21510 |  16310 |  24 | 2001.5 |
       Dungeon |  31261 |  28995 |   2266 |  13829 |  10895 |  15 | 2084.1 |
        Temple |     77 |     46 |     31 |      0 |     30 |   1 |   77.0 |
          Lair |  11956 |  11569 |    387 |   5252 |   4073 |   5 | 2391.2 |
   Spider Nest |     88 |     88 |      0 |     18 |     25 |   1 |   88.0 |
  Orcish Mines |   4650 |   4521 |    129 |   2410 |   1287 |   2 | 2325.0 |
               +--------+--------+--------+--------+--------+-----+--------+

Top non-repeatable levels by time:
    D:10: 5265 daAuts
    D:13: 3594 daAuts
  Lair:5: 3296 daAuts
   Orc:2: 3287 daAuts
  Lair:1: 2699 daAuts
    D:12: 2662 daAuts
    D:14: 2655 daAuts
    D:11: 2623 daAuts
  Lair:3: 2224 daAuts
     D:9: 2187 daAuts
  Lair:4: 2071 daAuts
     D:3: 1694 daAuts
    D:15: 1678 daAuts
  Lair:2: 1663 daAuts
     D:6: 1530 daAuts
